 Dungeon Crawl Stone Soup version 0.28.0-1-gb440e238dd (webtiles) character file.

Game seed: 8817394678889152064

23 mcwallace the Sneak (level 3, 0/18 HPs)
             Began as a Vine Stalker Brigand on Feb 20, 2022.
             Slain by a gnoll (2 damage)
             ... on level 2 of the Dungeon.
             The game lasted 00:02:06 (360 turns).

mcwallace the Sneak (Vine Stalker Brigand)           Turns: 360, Time: 00:02:06

Health: 0/18       AC:  3    Str: 13    XL:     3   Next: 0%
Magic:  0/5        EV: 12    Int: 13    God:
Gold:   0          SH:  0    Dex: 15    Spells: 3/3 levels left

rFire   . . .      SeeInvis .   a - +2 dagger {short}
rCold   . . .      Faith    .   (no shield)
rNeg    . . .      Spirit   +   b - +0 robe
rPois   .          Reflect  .   (no helmet)
rElec   .          Harm     .   c - +0 cloak
rCorr   .          Rampage  .   (no gloves)
Will    .....                   (no boots)
Stlth   +++.......              (no amulet)
HPRegen 0.06/turn               l - ring of flight
MPRegen 0.09/turn               (no ring)

@: flying
A: fangs 2, magic shield, antimagic bite, no potion heal 2
a: no special abilities


You were on level 2 of the Dungeon.
You visited 1 branch of the dungeon, and saw 2 of its levels.


Innate Abilities, Weirdness & Mutations

You have extremely sharp teeth.
When hurt, damage is shared between your health and your magic reserves.
Your bite disrupts and absorbs the magic of your enemies.
Potions cannot restore your health.


   Skills:
 + Level 2.0 Fighting
 + Level 2.0 Short Blades
 - Level 1.7 Throwing
 + Level 0.4 Armour
 + Level 1.1 Dodging
 + Level 5.0 Stealth
 + Level 0.9 Spellcasting


You had 3 spell levels left.
You didn't know any spells.
Your spell library was empty.

Inventory:

Hand Weapons
 a - a +2 dagger (weapon) {short}
Missiles
 d - 8 poisoned darts {throwing}
 e - a curare-tipped dart (quivered) {=fthrowing}
 g - 23 arrows
 k - 3 stones {throwing}
 m - 23 bolts
Armour
 b - a +0 robe (worn)
 c - a +0 cloak (worn)
Jewellery
 l - a ring of flight (left hand)
   (You found it on level 1 of the Dungeon)
Scrolls
 f - a scroll of teleportation {unknown}
 j - a scroll of blinking {unknown}
Potions
 h - a potion of attraction {unknown}
 i - a potion of mutation {unknown}

Dungeon Overview and Level Annotations

Branches:
Dungeon (2/15)

Altars:

#.... #.#..
#....####
#....†.#
#.#.##.# ...
#g# #..#. #.#
#.### #g# #.
#@#
##............#
#..###.##.##..
# #.. .. ###
#.. .


You could see 2 gnolls.


Message History

The helpless frilled lizard fails to defend itself.
You impale the frilled lizard!!
You kill the frilled lizard!
Your Dodging skill increases to level 1!
You start resting.
A gnoll comes into view. It is wielding a +0 halberd. 😮 HP[+5]
You regained 5 hp, and now have 10/15 hp.
The gnoll shouts!
Okay, then.
Throw: 2 darts (curare) {=fthrowing}
Press: ? - help, Q - select action, (/) - cycle Shift-Dir - straight line, f - gnoll
Aim: a gnoll, wielding a +0 halberd (61% to hit)
You throw a curare-tipped dart {=fthrowing}.
The curare-tipped dart {=fthrowing} hits the gnoll.
The gnoll is poisoned.
The gnoll convulses.
The gnoll seems to slow down.
You hit the gnoll but do no damage. You bite the gnoll.
You kill the gnoll!
Your Fighting skill increases to level 2!
Your Short Blades skill increases to level 2!
Things that are here:
a +0 halberd {polearm}; a gnoll corpse; a frilled lizard corpse A ball python and a dart slug come into view.
You see here a curare-tipped dart {=fthrowing}.
The ball python hisses angrily.
You hit the dart slug. The dart slug launches a dart at you.
The slug dart hits you but does no damage.
You hit the dart slug. The dart slug launches a dart at you.
The slug dart misses you.
You hit the dart slug. You bite the dart slug. You drain its power.
You feel invigorated. 😮 MP[+1]
Your mp is fully restored (4).
You hit the dart slug.
You kill the dart slug!
You hit the ball python.
You bite the ball python, but do no damage.
The ball python bites you.
The ball python closely misses you. 😮 HP[-2] MP[-1]
You take 2 damage, and now have 8/15 hp.
You lost 1 mp, and now have 3/4 mp.
You hit the ball python.
You kill the ball python!
You have reached level 3!
Your experience leads to an increase in your attributes!
Increase (S)trength, (I)ntelligence, or (D)exterity?
You feel clever. x2 😮 HP[+2]
You now have 18 max hp (+3).
You regained 2 hp, and now have 10/18 hp.
e - 2 curare-tipped darts {=fthrowing} (gained 1)
A gnoll comes into view. It is wielding a +0 spear. 😮 MP[+1]
The gnoll shouts!
You hear a shout!
The gnoll closely misses you.
You see here a dart slug corpse.
A gnoll comes into view. It is wielding a +0 club.
The gnoll hits you with a +0 spear.
* * * LOW HITPOINT WARNING * * *
😨 HP[-2] MP[-2]
You take 2 damage, and now have 8/18 hp.
You lost 2 mp, and now have 2/5 mp.
The gnoll barely misses you.
You see here a dart slug corpse.
Things that are here:
a +0 halberd {polearm}; a gnoll corpse; a frilled lizard corpse 😨 HP[+1] Throw: 2 darts (curare) {=fthrowing}
Press: ? - help, Q - select action, (/) - cycle Shift-Dir - straight line, f - gnoll
Aim: a gnoll, wielding a +0 spear (63% to hit)
You throw a curare-tipped dart {=fthrowing}.
The curare-tipped dart {=fthrowing} hits the gnoll.
The gnoll is poisoned.
The gnoll convulses.
The gnoll seems to slow down.
The gnoll closely misses you.
You barely miss the gnoll. The gnoll barely misses you.
You hit the gnoll but do no damage. 😨 MP[+1]
You closely miss the gnoll. You barely miss the gnoll. You bite the gnoll.
You drain its power.
You feel invigorated.
The gnoll hits you from afar with a +0 spear.
* * * LOW HITPOINT WARNING * * *
😨 HP[-4] MP[-1]
You take 4 damage, and now have 5/18 hp.
MASSIVE DAMAGE!! (PAUSE)
You lost 1 mp, and now have 2/5 mp.
You hit the gnoll but do no damage. Your bite misses the gnoll.
The gnoll closely misses you.
You hit the gnoll. The gnoll hits you with a +0 club.
* * * LOW HITPOINT WARNING * * *
The gnoll barely misses you. 😱 HP[-3] MP[-1]
You take 3 damage, and now have 2/18 hp.
You lost 1 mp, and now have 1/5 mp.
There is a stone staircase leading up here.
You barely miss the gnoll. Your bite misses the gnoll.
The gnoll hits you with a +0 club.
You die...

Skill      XL: |  1  2 |
---------------+-------+-----
Stealth        | 5 |  5.0
Dodging        | 1 |  1.1
Fighting       | 2 |  2.0
Short Blades   | 2 |  2.0
Throwing       | |  1.7
Armour         | |  0.4
Spellcasting   | |  0.9

Action                   || total
-------------------------++-------
Melee: Dagger            ||    30
       Bite              ||     8
Throw: Dart              ||     2
 Stab: Sleeping          ||     5
Armor: Robe              ||     4
Dodge: Dodged            ||    18

Levels and vault maps discovered:
D:1:      dpeg_arrival_rooms_c, layout_loops_ring, nicolae_grassy_gnolls
D:2:      layout_loops_ring, uniq_sigmund, uniq_robin

Notes
Turn   | Place    | Note
-------+----------+-------------------------------------------
     0 | D:1      | mcwallace the Vine Stalker Brigand began the quest for the
                  | Orb.
     0 | D:1      | Reached XP level 1. HP: 11/11 MP: 2/2
     0 | D:1      | magus.rc [v1.9.6]
   155 | D:1      | Reached XP level 2. HP: 14/15 MP: 3/3
   175 | D:1      | HP: 2/15 [gnoll (6)]
   191 | D:1      | Reached skill level 5 in Stealth
   245 | D:2      | Reached skill level 1 in Dodging
   331 | D:2      | Reached skill level 2 in Fighting
   331 | D:2      | Reached skill level 2 in Short Blades
   339 | D:2      | Reached XP level 3. HP: 10/18 MP: 3/5
   357 | D:2      | HP: 2/18 [gnoll (3)]
   360 | D:2      | Slain by a gnoll

Vanquished Creatures
  A gnoll (D:2)
  2 dart slugs
  A bat (D:1)
  An endoplasm (D:1)
  A goblin (D:1)
  2 ball pythons
  2 frilled lizards
  A kobold (D:1)
11 creatures vanquished.

Vanquished Creatures (others)
  6 plants (D:1)
6 creatures vanquished.

Grand Total: 17 creatures vanquished

Table legend:
 A = Non-vault XP
 B = Vault XP
 C = Vault XP percentage of total XP
 D = Non-vault monster count
 E = Vault monster count
 F = Vault count percentage of total count
                 A         B        C        D         E       F
            +---------+---------+-------+---------+---------+-------
      Total |      34 |       0 |   0.0 |      11 |       0 |   0.0
            +---------+---------+-------+---------+---------+-------
        D:1 |      13 |       0 |   0.0 |       7 |       0 |   0.0
        D:2 |      21 |       0 |   0.0 |       4 |       0 |   0.0
            +---------+---------+-------+---------+---------+-------

Illustrated notes

Table legend:
 A = Kills in this place as a percentage of kills in entire the game.
 B = Kills by you in this place as a percentage of kills by you in the entire game.
 C = Kills by friends in this place as a percentage of kills by friends in the entire game.
 D = Other kills in this place as a percentage of other kills in the entire game.
 E = Experience gained in this place as a percentage of experience gained in the entire game.
 F = Experience gained in this place divided by the number of levels of this place that you have seen.
                   A       B       C       D       E      F
               +-------+-------+-------+-------+-------+----------------------
         Total | 100.0 | 100.0 |   N/A |   N/A | 100.0 |  17.0
       Dungeon | 100.0 | 100.0 |   N/A |   N/A | 100.0 |  17.0
               +-------+-------+-------+-------+-------+----------------------

Table legend: (Time is in decaauts)
 A = Elapsed time spent in this place.
 B = Non-inter-level travel time spent in this place.
 C = Inter-level travel time spent in this place.
 D = Time resting spent in this place.
 E = Time spent auto-exploring this place.
 F = Levels seen in this place.
 G = Mean time per level.
                   A        B        C        D        E       F      G
               +--------+--------+--------+--------+--------+-----+--------+
         Total |    356 |    356 |      0 |     82 |    130 |   2 |  178.0 |
       Dungeon |    356 |    356 |      0 |     82 |    130 |   2 |  178.0 |
               +--------+--------+--------+--------+--------+-----+--------+

Top non-repeatable levels by time:
     D:1: 239 daAuts
     D:2: 117 daAuts
